 Dungeon Crawl Stone Soup version 0.23-a0-650-ga4d50d4 (webtiles) character file.

12869 zishaf the Grappler (level 11, -18/107 HPs)
             Began as a Troll Hunter on Jan 4, 2019.
             Was a High Priest of Cheibriados.
             Demolished by a skeletal warrior
             ... wielding a +0 battleaxe
             ... led by a skeletal warrior
              (32 damage)
             ... on level 11 of the Dungeon.
             The game lasted 00:25:33 (9449 turns).

zishaf the Grappler (Troll Hunter)                  Turns: 9449, Time: 00:25:34

Health: -18/107    AC:  6    Str: 37    XL:     11   Next: 68%
Magic:  11/14      EV: 14    Int: 20    God:    Cheibriados [*****.]
Gold:   351        SH:  0    Dex: 26    Spells: 2/12 levels left

rFire    + . .     SeeInvis .     - Unarmed
rCold    + . .     Gourm    +   (no shield)
rNeg     . . .     Faith    +   b - +1 robe
rPois    .         Spirit   .   (helmet restricted)
rElec    .         Reflect  .   o - scarf {rC+ rF+}
rCorr    .         Harm     .   (gloves unavailable)
MR       .....                  (boots unavailable)
Stlth    ++........             C - amulet of faith
HPRegen  1.67/turn              g - ring of wizardry
MPRegen  0.14/turn              K - +2 ring of strength

@: regenerating, very slow
A: large, unfitting armour, claws 3, fast metabolism 3, gourmand, regeneration
1, shaggy fur 1, tough skin 2
a: Bend Time, Temporal Distortion, Slouch, Step From Time, Renounce Religion


You were on level 11 of the Dungeon.
You worshipped Cheibriados.
Cheibriados was extremely pleased with you.
You were very full.

You visited 1 branch of the dungeon, and saw 11 of its levels.

You collected 671 gold pieces.
You spent 320 gold pieces at shops.

Inventory:

Hand Weapons
 a - a +0 blowgun
Missiles
 d - 5 throwing nets
 I - 4 large rocks
 L - 2 javelins (quivered)
 M - a tomahawk
Armour
 b - a +1 robe (worn)
 o - a scarf of resistance (worn)
Jewellery
 g - a ring of wizardry (left claw)
 j - an uncursed ring of positive energy
 z - an uncursed ring of fire
 C - an amulet of faith (around neck)
 F - an uncursed amulet of the acrobat
 K - a +2 ring of strength (right claw)
Wands
 m - a wand of enslavement (13)
 w - a wand of acid (6)
 A - a wand of flame (25)
 D - a wand of polymorph (19)
Scrolls
 i - 2 scrolls of enchant armour
 k - 4 scrolls of remove curse
 l - a scroll of magic mapping {unknown}
 p - a scroll of torment {unknown}
 q - a scroll of immolation
 r - 2 scrolls of blinking
 s - 3 scrolls of amnesia
 t - 2 scrolls of fear
 u - 3 scrolls of teleportation
 v - 3 scrolls of identify
 y - a scroll of brand weapon {unknown}
 B - a scroll of fog {unknown}
 E - a scroll of summoning {unknown}
Potions
 e - 6 potions of curing
 h - 5 potions of heal wounds
 n - 4 potions of lignification
 x - 3 potions of resistance
 G - a potion of agility
 H - a potion of brilliance
 J - a potion of invisibility
 N - a potion of flight
Miscellaneous
 c - a lightning rod (4/4)
Comestibles
 f - 26 rations


   Skills:
 + Level 6.7 Fighting
 - Level 7.0 Throwing
 + Level 4.8 Dodging
 - Level 0.3 Stealth
 * Level 10.9 Unarmed Combat
 - Level 1.0 Spellcasting
 - Level 2.1 Charms
 - Level 5.0 Necromancy
 + Level 6.3 Invocations


You had 2 spell levels left.
You knew the following spells:

 Your Spells              Type           Power        Failure   Level  Hunger
a - Regeneration          Chrm/Necr      ###.......   4%          3    ####...
b - Animate Dead          Necr           N/A          9%          4    #####..
c - Vampiric Draining     Necr           ###.......   2%          3    ####...

Your spell library contained the following spells:

 Spells                   Type           Power        Failure   Level  Hunger
 Animate Skeleton         Necr           N/A          1%          1    ##.....
 Pain                     Necr           ###.         1%          1    ##.....


Dungeon Overview and Level Annotations

Branches:
Dungeon (11/15)            Temple (0/1) D:7            Lair (0/6) D:10
    Orc (0/2) D:9

Altars:
Cheibriados
Elyvilon
Xom

Shops:
D:6 [=}([

Annotations:
D:11 2 runed doors, Pooter's ghost, journeyman MiBe


Innate Abilities, Weirdness & Mutations

You are too large for most types of armour.
You have claws for hands.
Your metabolism is lightning-fast.
You like to eat raw meat.
Your natural rate of healing is unusually fast.
You are covered in fur. (AC +1)
You have very tough skin. (AC +2)


Message History

Okay, then.
Casting: Regeneration (safe; 4% risk of failure)
Confirm with . or Enter, or press ? or * to list all spells.
Your skin crawls.
The skeletal warrior hits you with a +0 mace.
You eviscerate the skeletal warrior!!!
You destroy the skeletal warrior!
Cheibriados thoroughly appreciates the change of pace.
The skeletal warrior hits you with a +0 mace!
You mangle the skeletal warrior!!
The skeletal warrior is heavily damaged.
The skeletal warrior hits you with a +0 battleaxe!
* * * LOW HITPOINT WARNING * * *
The skeletal warrior closely misses you.
You mangle the skeletal warrior!!
The skeletal warrior is almost destroyed.
The skeletal warrior hits you with a +0 mace!
* * * LOW HITPOINT WARNING * * *
The skeletal warrior hits you with a +0 battleaxe!!
You die...

.........# #.........##...####
.#......#######...#####.##.......
.#.#.#.(###[..........#..#...####
......<.).).............#.)#.##..
.....#..###...........#..#.#.##.#
........# #####..................
.......## #...######.#.###..#
#.#..### #...# #....##..# #.#..
#z@z# #....##..# ....######
##z#######........#
##.......######.......#.##.##.##
#.#####.#.....(#####.#.......#
####.#.#.##.# #.####.####
#.........#(# ###.####....##
#.#.#.##....###......####...
#.#.#.#..#...(.((........####
#.#.#.#.##.##(###.....<.#.#


You could see 3 skeletal warriors.

Vanquished Creatures
  2 two-headed ogres
  A skeletal warrior (D:11)
  3 unseen horrors
  The ghost of ezpacito the Skirmisher, a novice CeFi (D:6)
  Pikel (D:7)
  An oklob plant (D:10)
  A centaur zombie (D:10)
  A cyclops (D:6)
  A gargoyle (D:10)
  3 trolls
  A hornet (D:6)
  2 hippogriffs
  A vampire (D:9)
  A wraith (D:10)
  A human (D:7)
  4 hogs (D:7)
  Grum (D:11)
  A water moccasin (D:8)
  3 orc warriors
  2 slaves (D:7)
  An ice beast (D:6)
  2 sky beasts
  2 ogres
  A phantom (D:5)
  2 necrophages
  2 wolves (D:11)
  5 centaurs
  A big kobold (D:11)
  4 bullfrogs
  A wyvern zombie (D:11)
  A scorpion (D:8)
  A water moccasin skeleton (D:11)
  8 killer bees
  7 wights
  6 howler monkeys
  4 crimson imps
  5 hounds
  A quasit (D:11)
  6 orc priests
  5 jellies
  2 bullfrog skeletons
  3 centaur skeletons
  A gnoll shaman (D:7)
  Jessica (D:3)
  4 iguanas
  10 orc wizards
  12 worker ants
  A worker ant zombie (D:7)
  13 gnolls
  12 adders
  A shadow imp (D:7)
  3 oozes
  A worm (D:2)
  A dart slug (D:3)
  3 leopard geckos
  34 orcs
  11 bats
  6 giant cockroaches
  9 goblins
  10 hobgoblins
  16 jackals
  10 kobolds
  6 quokkas
  5 ball pythons
  6 frilled lizards
  A jackal skeleton (D:6)
  A jackal zombie (D:9)
  A quokka zombie (D:7)
  19 rats
300 creatures vanquished.

Vanquished Creatures (others)
  A worker ant (D:11)
  A plant (D:10)
2 creatures vanquished.

Grand Total: 302 creatures vanquished

Notes
Turn   | Place    | Note
-------+----------+-------------------------------------------
     0 | D:1      | zishaf the Troll Hunter began the quest for the Orb.
     0 | D:1      | Reached XP level 1. HP: 19/19 MP: 0/0
    48 | D:1      | Reached XP level 2. HP: 26/28 MP: 1/1
    72 | D:1      | Reached skill level 1 in Unarmed Combat
   323 | D:1      | Reached XP level 3. HP: 35/35 MP: 2/2
   790 | D:2      | Reached skill level 2 in Unarmed Combat
   790 | D:2      | Reached XP level 4. HP: 39/42 MP: 3/3
   870 | D:2      | You fall through a shaft for 2 floors!
   972 | D:3      | Reached XP level 5. HP: 42/50 MP: 4/4
  1028 | D:3      | Reached skill level 3 in Unarmed Combat
  1073 | D:3      | Found a faded altar of an unknown god.
  1150 | D:3      | Became a worshipper of Cheibriados the Contemplative
  1150 | D:3      | Reached * piety under Cheibriados
  1477 | D:3      | Noticed Jessica
  1485 | D:3      | Reached ** piety under Cheibriados
  1489 | D:3      | Killed Jessica
  1502 | D:3      | Reached XP level 6. HP: 52/59 MP: 5/5
  2178 | D:3      | Reached *** piety under Cheibriados
  2178 | D:3      | Reached skill level 4 in Unarmed Combat
  2665 | D:4      | Reached skill level 1 in Invocations
  2779 | D:4      | Reached XP level 7. HP: 54/67 MP: 6/6
  2964 | D:4      | Reached skill level 5 in Unarmed Combat
  3227 | D:5      | Entered Level 5 of the Dungeon
  3337 | D:5      | Learned a level 3 spell: Regeneration
  3351 | D:5      | Reached **** piety under Cheibriados
  3707 | D:6      | Reached XP level 8. HP: 78/78 MP: 8/8
  3846 | D:6      | Reached skill level 6 in Unarmed Combat
  4034 | D:6      | Reached skill level 1 in Necromancy
  4043 | D:6      | Found Muovejai's Armour Shoppe.
  4194 | D:6      | Found a runed door.
  4198 | D:6      | Noticed ezpacito's ghost (novice CeFi)
  4213 | D:6      | Found Hutz's Gadget Emporium.
  4332 | D:6      | Reached skill level 1 in Charms
  4422 | D:6      | Found Zapuud's Jewellery Emporium.
  4521 | D:6      | Found Fitsusm's Antique Weapon Boutique.
  4554 | D:6      | Reached skill level 5 in Throwing
  4611 | D:6      | Found Siteed's Antique Armour Boutique.
  4753 | D:6      | Noticed a hornet
  4755 | D:6      | Paralysed by a hornet for 1 turns
  4758 | D:6      | Killed a hornet
  4758 | D:6      | Reached skill level 7 in Unarmed Combat
  4758 | D:6      | Reached XP level 9. HP: 55/85 MP: 10/10
  4770 | D:6      | Noticed a cyclops
  4776 | D:6      | Killed a cyclops
  5093 | D:6      | Bought a scarf of resistance for 320 gold pieces
  5156 | D:6      | Killed ezpacito's ghost
  5428 | D:6      | Reached skill level 8 in Unarmed Combat
  5698 | D:7      | Reached ***** piety under Cheibriados
  5698 | D:7      | Reached skill level 5 in Fighting
  5729 | D:7      | Noticed Pikel
  5745 | D:7      | Killed Pikel
  5858 | D:7      | Reached XP level 10. HP: 96/96 MP: 12/12
  6242 | D:7      | Found a staircase to the Ecumenical Temple.
  6367 | D:8      | Learned a level 3 spell: Vampiric Draining
  6402 | D:8      | Reached skill level 9 in Unarmed Combat
  7133 | D:9      | Reached skill level 5 in Invocations
  7310 | D:9      | Found a staircase to the Orcish Mines.
  7331 | D:9      | HP: 1/96 [something (4)]
  7853 | D:9      | Reached skill level 1 in Spellcasting
  8050 | D:9      | Found a white marble altar of Elyvilon.
  8250 | D:10     | Entered Level 10 of the Dungeon
  8439 | D:10     | Noticed a gargoyle
  8446 | D:10     | Killed a gargoyle
  8446 | D:10     | Reached XP level 11. HP: 48/105 MP: 5/14
  8635 | D:10     | Noticed an oklob plant
  8641 | D:10     | Killed an oklob plant
  8642 | D:10     | Found a staircase to the Lair.
  8663 | D:10     | Noticed a two-headed ogre
  8671 | D:10     | Killed a two-headed ogre
  8671 | D:10     | Reached skill level 10 in Unarmed Combat
  8796 | D:10     | Found a shimmering altar of Xom.
  8845 | D:10     | Killed an unseen horror
  8924 | D:11     | Killed an unseen horror
  8924 | D:11     | Reached skill level 5 in Necromancy
  8942 | D:11     | Learned a level 4 spell: Animate Dead
  8952 | D:11     | Noticed Grum
  8967 | D:11     | Killed Grum
  9012 | D:11     | Noticed a necromancer
  9013 | D:11     | Noticed a lich
  9013 | D:11     | Noticed Pooter's ghost (journeyman MiBe)
  9014 | D:11     | Noticed a skeletal warrior
  9014 | D:11     | Identified the cursed +0 hand axe "Worm" {chop, rPois Str+4
                  | Stlth+}
  9014 | D:11     | Noticed a tengu reaver
  9014 | D:11     | Noticed a deep troll
  9015 | D:11     | Noticed a skeletal warrior
  9085 | D:11     | Killed an unseen horror
  9140 | D:11     | Noticed a skeletal warrior
  9141 | D:11     | Noticed a skeletal warrior
  9142 | D:11     | Noticed a skeletal warrior
  9143 | D:11     | Noticed a skeletal warrior
  9227 | D:11     | Noticed a two-headed ogre
  9231 | D:11     | Killed a two-headed ogre
  9297 | D:11     | Found a runed door.
  9308 | D:11     | Found a runed door.
  9447 | D:11     | Killed a skeletal warrior
  9449 | D:11     | Demolished by a skeletal warrior

Vault maps used:
D:1:      dpeg_arrival_shelter
D:2:      first_ration
D:3:      chequers_ecumenical_altar_simple_redux, serial_bayou_pond_a,
          uniq_jessica
D:4:      grunt_ministairs_8
D:6:      serial_shops, shop_fountains, nicolae_shop_stone, shop,
          kennysheep_mini, shop, ebering_ghost_sewer_d,
          hangedman_minor_gate_pass
D:7:      minmay_temple_entry_fiery, grunt_livestock, uniq_pikel
D:9:      marbit_many_paths, orc_0_dummy
D:10:     dpeg_oklobed_lair, serial_column_ruins, column_ruins_hut,
          column_ruins_courtyard_long, column_ruins_open_tiny,
          column_ruins_open_tiny, column_ruins_corridor_T,
          column_ruins_columns_water, column_ruins_columns_plus,
          xom_teletrap_fun
D:11:     muffindrake_ghost_dual_entry, minivault_23, uniq_grum

Skill      XL: |  1  2  3  4  5  6  7  8  9 10 11 |
---------------+----------------------------------+-----
Unarmed Combat | 1 2 3 4 5 7 8 9 10 | 10.9
Fighting       | 2 3 4 5 6 |  6.7
Dodging        | 2 3 4 |  4.8
Throwing       | 4 5 6 7 |  7.0
Invocations    | 1 2 3 4 5 6 |  6.3
Necromancy     | 2 3 4 5 |  5.0
Charms         | 1 2 |  2.1
Spellcasting   | 1 |  1.0
Stealth        | |  0.3

Action                   |  1- 3 |  4- 6 |  7- 9 | 10-12 || total
-------------------------+-------+-------+-------+-------++-------
Melee: Unarmed           |   119 |   191 |   197 |   185 ||   692
       Punch             |       |     3 |    12 |    14 ||    29
Throw: Javelin           |       |    34 |    17 |    31 ||    82
       Large rock        |       |     1 |    14 |    28 ||    43
       Tomahawk          |       |       |    17 |    15 ||    32
       Throwing net      |       |       |       |     1 ||     1
 Cast: Regeneration      |       |       |       |     4 ||     4
       Animate Dead      |       |       |       |     1 ||     1
Invok: Bend Time         |       |       |     2 |       ||     2
       Slouch            |       |       |     2 |     5 ||     7
Evoke: Wand              |       |       |     1 |       ||     1
  Use: Scroll            |       |       |     8 |     9 ||    17
       Potion            |       |       |     2 |       ||     2
 Stab: Sleeping          |     1 |       |     3 |     2 ||     6
  Eat: Chunk             |    13 |    13 |    19 |    24 ||    69
Armor: Robe              |    68 |    51 |    34 |    46 ||   199
       Skin              |       |       |    14 |       ||    14
Dodge: Dodged            |    64 |   105 |   125 |   135 ||   429

Table legend:
 A = Non-vault XP
 B = Vault XP
 C = Vault XP percentage of total XP
 D = Non-vault monster count
 E = Vault monster count
 F = Vault count percentage of total count
                 A         B        C        D         E       F
            +---------+---------+-------+---------+---------+-------
      Total |   14035 |    4350 |  23.7 |     269 |      29 |   9.7
            +---------+---------+-------+---------+---------+-------
        D:1 |      56 |       0 |   0.0 |      32 |       0 |   0.0
        D:2 |     106 |       0 |   0.0 |      33 |       0 |   0.0
        D:3 |     340 |      56 |  14.1 |      39 |       5 |  11.4
        D:4 |     301 |      88 |  22.6 |      24 |       4 |  14.3
        D:5 |     371 |       0 |   0.0 |       7 |       0 |   0.0
        D:6 |    1530 |    1668 |  52.2 |      38 |      10 |  20.8
        D:7 |     471 |    1583 |  77.1 |      15 |       6 |  28.6
        D:8 |     804 |       0 |   0.0 |      13 |       0 |   0.0
        D:9 |    1499 |       0 |   0.0 |      18 |       0 |   0.0
       D:10 |    4481 |     550 |  10.9 |      27 |       1 |   3.6
       D:11 |    4076 |     405 |   9.0 |      23 |       3 |  11.5
            +---------+---------+-------+---------+---------+-------
